 Dungeon Crawl Stone Soup version 0.29.0-13-gc9e81de378 (webtiles) character file.

Game seed: 16812991084464448543

191 keekatzer the Ruffian (level 5, 0/73 HPs)
             Began as a Troll Transmuter on Sept 11, 2022.
             Slain by Dowan
             ... wielding a +1 dagger of venom
              (1 damage)
             ... on level 4 of the Dungeon.
             The game lasted 00:06:50 (916 turns).

keekatzer the Ruffian (Troll Transmuter)             Turns: 916, Time: 00:06:51

Health: 0/73       AC:  9    Str: 18    XL:     5   Next: 41%
Magic:  4/7        EV: 10    Int:  9    God:
Gold:   87         SH:  0    Dex: 12    Spells: 2/8 levels left

rFire   . . .      SeeInvis .     - Unarmed
rCold   . . .      Faith    .   (no shield)
rNeg    . . .      Spirit   .   a - +0 robe
rPois   .          Reflect  .   (helmet currently unavailable)
rElec   .          Harm     .   (no cloak)
rCorr   .          Rampage  .   (gloves unavailable)
Will    .....                   (boots unavailable)
Stlth   ..........              (no amulet)
HPRegen 1.02/turn               (no ring)
MPRegen 0.10/turn               (no ring)

@: berserking, lethally poisoned (0 -> -9), ice-armoured, appendages (expiring),
very quick
A: horns 2, talons 2, large, unfitting armour, claws 3, regeneration 1, shaggy
fur 1, tough skin 1
a: End Transformation


You were on level 4 of the Dungeon.
You had temporarily grown beastly horns and talons.
You visited 1 branch of the dungeon, and saw 4 of its levels.

You collected 87 gold pieces.

Inventory:

Armour
 a - a +0 robe (worn)
Magical Staves
 d - a staff of death
Scrolls
 f - a scroll of identify {unknown}
 h - 2 scrolls of fear {unknown}
Potions
 b - 2 potions of lignification
 e - a potion of brilliance {unknown}
 g - a potion of attraction {unknown}


   Skills:
 + Level 1.7 Fighting
 - Level 2.0 Dodging
 + Level 3.5 Unarmed Combat
 * Level 2.0 Spellcasting
 * Level 2.3 Transmutations
 * Level 1.3 Ice Magic


You had 2 spell levels left.
You knew the following spells:

 Your Spells              Type           Power      Damage    Failure   Level
a - Beastly Appendage     Tmut           10%        N/A       13%         1
b - Wereblood             Tmut           5%         N/A       19%         2
c - Ozocubu's Armour      Ice            3%         N/A       50%         3

Your spell library contained the following spells:

 Spells                   Type           Power      Damage    Failure   Level
 Spider Form              Tmut/Pois      3%         N/A       52%         3
 Ice Form                 Ice/Tmut       4%         N/A       83%         4
 Ozocubu's Refrigeration  Ice            1%         4d7       100%        7


Dungeon Overview and Level Annotations

Branches:
Dungeon (4/15)
 Temple: D:4-7

Altars:

Annotations:
D:4 Dowan


Innate Abilities, Weirdness & Mutations

You have temporarily grown beastly horns and talons.
You are too large for most types of armour.
You have claws for hands.
Your natural rate of healing is unusually fast.
You are covered in fur. (AC +1)
You have tough skin. (AC +1)


Message History

You feel sick. Duvessa closely misses you.
Dowan gestures at you while chanting. The puff of flame misses you.
You closely miss Duvessa.
Duvessa is almost dead.
You feel sick.
Dowan hits you with a +1 dagger of venom.
You are more poisoned.
Duvessa barely misses you.
You scratch Duvessa. Your kick misses Duvessa.
Duvessa is almost dead.
You feel sick. Dowan hits you but does no damage.
You are more poisoned.
Duvessa hits you but does no damage.
You scratch Duvessa but do no damage. Your kick misses Duvessa.
You headbutt Duvessa, but do no damage.
Duvessa is almost dead.
You feel very sick. Dowan hits you but does no damage.
You are lethally poisoned!
Duvessa hits you with a +0 rapier.
* * * LOW HITPOINT WARNING * * *
It was a potion of berserk rage.
A red film seems to cover your vision as you go berserk!
You feel yourself moving faster!
You feel mighty!
* * * LOW HITPOINT WARNING * * *
You feel very sick. Duvessa hits you with a +0 rapier!
* * * LOW HITPOINT WARNING * * *
Dowan gestures at Duvessa while chanting.
Duvessa seems to speed up.
You are too berserk!
You mangle Duvessa!!
You kill Duvessa!
Dowan's eyes darken. "You have made a black mistake."
Dowan seems to find hidden reserves of power!
* * * LOW HITPOINT WARNING * * *
You feel very sick.
Dowan hits you with a +1 dagger of venom.
You die...

#... ##...#
##.....#
##......#
#.......#
##......#
#..e)..# #@#
##.# ###.##
###...##
##......####
##..........#
##...........#
##.........<.##
.#............#


You could see Dowan (fast).

Vanquished Creatures
  Duvessa (D:4)
  A black bear (D:4)
  An iguana (D:4)
  Robin (D:4)
  An ufetubus (D:4)
  A worm (D:4)
  2 dart slugs (D:1)
  An orc (D:4)
  2 endoplasms
  2 giant cockroaches
  15 goblins
  7 hobgoblins
  4 ball pythons
  5 frilled lizards
  5 kobolds
  3 rats (D:1)
52 creatures vanquished.

Notes
Turn   | Place    | Note
-------+----------+-------------------------------------------
     0 | D:1      | keekatzer the Troll Transmuter began the quest for the Orb.
     0 | D:1      | Reached XP level 1. HP: 18/18 MP: 1/1
    72 | D:1      | Reached skill level 1 in Fighting
    72 | D:1      | Reached XP level 2. HP: 27/27 MP: 0/3
   393 | D:1      | Reached XP level 3. HP: 33/33 MP: 4/4
   396 | D:1      | Learned a level 2 spell: Wereblood
   756 | D:4      | Reached XP level 4. HP: 13/41 MP: 5/5
   773 | D:4      | Noticed Robin
   794 | D:4      | Killed Robin
   829 | D:4      | Noticed a black bear
   844 | D:4      | Killed a black bear
   845 | D:4      | Reached skill level 1 in Ice Magic
   845 | D:4      | Reached XP level 5. HP: 39/49 MP: 5/7
   891 | D:4      | Learned a level 3 spell: Ozocubu's Armour
   898 | D:4      | Noticed Dowan
   902 | D:4      | Noticed Duvessa
   916 | D:4      | Killed Duvessa
   916 | D:4      | HP: 1/73 [poisoned by Dowan]
   916 | D:4      | Slain by Dowan

Illustrated notes

Levels and vault maps discovered:
D:1:      onia_arrival_mini_spirals, layout_loops_cross, minmay_misc_feat_tower,
          nrook_campfire
D:2:      layout_loops_ring, dilly_ecumenical_altar_fadedgnrine
D:3:      layout_rooms, gammafunk_ghost_nasty_kobolds, minmay_hedge_maze
D:4:      layout_cave_pods, uniq_robin, uniq_duvessa

Skill      XL: |  1  2  3  4 |
---------------+-------------+-----
Fighting       | 1 |  1.7
Dodging        | 2 |  2.0
Transmutations | 2 |  2.3
Spellcasting   | 2 |  2.0
Ice Magic      | 1 |  1.3
Unarmed Combat | |  3.5

Action                   |  1- 3 |  4- 6 || total
-------------------------+-------+-------++-------
Melee: Unarmed           |    91 |    46 ||   137
       Kick              |     8 |     3 ||    11
       Headbutt          |     1 |     2 ||     3
       Punch             |     1 |       ||     1
 Cast: Beastly Appendage |     6 |     2 ||     8
       Wereblood         |       |     1 ||     1
       Ozocubu's Armour  |       |     1 ||     1
  Use: Potion            |       |     1 ||     1
Armor: Robe              |    20 |    14 ||    34
Dodge: Dodged            |    39 |    26 ||    65
